 Dungeon Crawl Stone Soup version 0.31-a0-358-gac0dbeb3ab (webtiles) character file.

Game seed: 6426943423011550854

83 senseless the Shooter (level 4, -1/26 HPs)
             Began as a Deep Elf Hunter on July 25, 2023.
             Slain by a hobgoblin (5 damage)
             ... on level 3 of the Dungeon.
             The game lasted 00:02:45 (1368 turns).

senseless the Shooter (Deep Elf Hunter)             Turns: 1368, Time: 00:02:46

Health: -1/26      AC:  4    Str:  8    XL:     4   Next: 22%
Magic:  6/6        EV: 13    Int: 14    God:
Gold:   203        SH:  0    Dex: 20    Spells: 3/3 levels left

rFire   . . .        a - +0 shortbow
rCold   . . .        (shield currently unavailable)
rNeg    . . .        c - +0 leather armour
rPois   .            d - +0 helmet
rElec   .            (no cloak)
rCorr   .            (no gloves)
SInv    .            (no boots)
Will    .....        (no amulet)
Stlth   ++           (no ring)
HPRegen 0.24/turn    (no ring)
MPRegen 0.10/turn

%: no passive effects
@: no status effects
A: no striking features
a: no special abilities


You were on level 3 of the Dungeon.
You visited 1 branch of the dungeon, and saw 3 of its levels.

You collected 203 gold pieces.

Inventory:

Hand Weapons
 a - a +0 shortbow (weapon)
Missiles
 i - 4 atropa-tipped darts
Armour
 c - a +0 leather armour (worn)
 d - a +0 helmet (worn)
Jewellery
 f - a +5 ring of evasion
 k - a ring of magical power
Scrolls
 b - a scroll of butterflies
 g - 2 scrolls of identify
 h - a scroll of fog {unknown}
Potions
 e - a potion of haste {unknown}
 j - 2 potions of curing {unknown}


   Skills:
 + Level 2.3 Fighting
 + Level 5.9 Ranged Weapons
 + Level 3.4 Dodging
 + Level 2.8 Stealth


You had 3 spell levels left.
You didn't know any spells.
Your spell library contained the following spells:

 Spells                   Type           Power      Damage    Failure   Level
 Sandblast                Erth           0%         2d4       38%         1
 Cigotuvi's Dreadful Rot  Necr/Pois/Air  0%         N/A       54%         2
 Ensorcelled Hibernation  Hex/Ice        0%         N/A       54%         2
 Passwall                 Tmut/Erth      0%         N/A       54%         2
 Portal Projectile        Hex/Tloc       0%         N/A       77%         3
 Stone Arrow              Conj/Erth      0%         3d7       77%         3
 Swiftness                Air            0%         N/A       77%         3
 Tukima's Dance           Hex            0%         N/A       77%         3
 Dispel Undead            Necr           0%         3d6       99%         4
 Iskenderun's Mystic Bla  Conj/Tloc      0%         2d3       99%         4
 Death Channel            Necr           0%         N/A       100%        6


Dungeon Overview and Level Annotations

Branches:
Dungeon (3/15)

Altars:
Trog

Annotations:
D:3 Robin


Message History

The arrow closely misses the adder.
The arrow hits the hobgoblin.
The hobgoblin is almost dead.
The hobgoblin hits you. Robin throws the goblin at you!
The goblin hits you with a +0 dagger.
A goblin comes into view. It is wielding a +0 club. x2
A hobgoblin comes into view.
The goblin closely misses you. The hobgoblin hits you.
You shoot an arrow. The hobgoblin shouts!
The arrow hits the goblin!
You kill the goblin!
The hobgoblin closely misses you. Robin throws the goblin at you!
You see here a +0 dagger.
You shoot an arrow. The arrow closely misses the goblin.
The goblin hits you with a +0 club. The hobgoblin closely misses you.
Robin roars a battlecry!
The goblins go into a battle-frenzy!
You shoot an arrow. The arrow hits the goblin!
You kill the goblin!
The hobgoblin hits you. The hobgoblin attacks as you move away!
The hobgoblin hits you. Robin throws the goblin at you!
The goblin hits you with a +0 club.
Things that are here:
a +0 club; a goblin corpse You shoot an arrow.
The arrow closely misses the goblin.
The goblin hits you but does no damage. The hobgoblin closely misses you.
You shoot an arrow. The arrow hits the goblin.
The goblin is heavily wounded.
The hobgoblin misses you. The goblin hits you but does no damage.
You shoot an arrow. The arrow hits the goblin.
You kill the goblin!
The hobgoblin closely misses you. The hobgoblin hits you.
The hobgoblin attacks as you move away! The hobgoblin closely misses you.
Things that are here:
a +0 club; a goblin corpse The hobgoblin attacks as you move away!
The hobgoblin hits you.
* * * LOW HITPOINT WARNING * * *
The hobgoblin attacks as you move away! The hobgoblin hits you.
You die...

#### ############## .....
###............########g.....
................@g)g.Sgg)....
###.#........#.#######gg.....
#.#.######.#.# ....... #.#.#
#.#.# ..g.... #.#.# #.#.#
....... #.#.# #.#^# #......
#.#.# #.#.# ...... #.#.#
..#.# ###### #.# ###


You could see an adder, 3 hobgoblins and 4 goblins.

Vanquished Creatures
  2 adders (D:2)
  A gnoll (D:1)
  A worm (D:3)
  A dart slug (D:1)
  3 ball pythons
  7 goblins
  9 hobgoblins
  5 kobolds
  4 quokkas
  6 bats
  4 frilled lizards
  3 rats (D:1)
46 creatures vanquished.

Notes
Turn   | Place    | Note
-------+----------+-------------------------------------------
     0 | D:1      | senseless the Deep Elf Hunter began the quest for the Orb.
     0 | D:1      | Reached XP level 1. HP: 12/12 MP: 3/3
   122 | D:1      | Reached XP level 2. HP: 17/17 MP: 4/4
   309 | D:1      | Found a faded altar of an unknown god.
   379 | D:1      | Reached XP level 3. HP: 21/21 MP: 5/5
  1167 | D:3      | Found a bloodstained altar of Trog.
  1224 | D:3      | Reached XP level 4. HP: 26/26 MP: 6/6
  1355 | D:3      | Noticed Robin
  1368 | D:3      | Slain by a hobgoblin

Illustrated notes

Levels and vault maps discovered:
D:1:      lemuel_arrival_river_ford, layout_rooms,
          shapermc_ecumenical_altar_mp_ritualfount
D:2:      layout_loops_cross, amcnicky_mini_pool_small
D:3:      layout_basic, mainiacjoe_overflow_concentric_impassable, uniq_robin

Skill      XL: |  1  2 |
---------------+-------+-----
Fighting       | 2 |  2.3
Dodging        | 3 |  3.4
Stealth        | 2 |  2.8
Ranged Weapons | |  5.9

Action                     |  1- 3 |  4- 6 || total
---------------------------+-------+-------++-------
   Fire: Shortbow          |    78 |    28 ||   106
    Use: Scroll            |     5 |       ||     5
 Armour: Leather armour    |     4 |     4 ||     8
  Dodge: Dodged            |    14 |    11 ||    25

Table legend: (Time is in decaauts)
 A = Elapsed time spent in this place.
 B = Non-inter-level travel time spent in this place.
 C = Inter-level travel time spent in this place.
 D = Time resting spent in this place.
 E = Time spent auto-exploring this place.
 F = Levels seen in this place.
 G = Mean time per level.
                   A        B        C        D        E       F      G
               +--------+--------+--------+--------+--------+-----+--------+
         Total |   1387 |   1352 |     35 |     35 |   1087 |   3 |  462.3 |
       Dungeon |   1387 |   1352 |     35 |     35 |   1087 |   3 |  462.3 |
               +--------+--------+--------+--------+--------+-----+--------+

Top non-repeatable levels by time:
     D:2: 614 daAuts
     D:1: 558 daAuts
     D:3: 214 daAuts
